 Dungeon Crawl Stone Soup version 0.25-a0-578-gc91f01c39c (webtiles) character file.

Game seed: 8324518116652652830, levelgen mode: deterministic

5996 Kohma the Martial Artist (level 10, -2/76 HPs)
             Began as a Gnoll Transmuter on Mar 3, 2020.
             Was a Follower of Ashenzari.
             Slain by a killer bee (4 damage)
             ... on level 8 of the Dungeon.
             The game lasted 00:31:57 (8677 turns).

Kohma the Martial Artist (Gnoll Transmuter)         Turns: 8677, Time: 00:31:57

Health: -2/76      AC:  2    Str: 12    XL:     10   Next: 85%
Magic:  21/21      EV: 27    Int: 19    God:    Ashenzari [*.....]
Gold:   206        SH:  0    Dex: 21    Spells: 15/24 levels left

rFire    . . .     SeeInvis +     - Unarmed
rCold    . . .     Gourm    .   (shield currently unavailable)
rNeg     + . .     Faith    .   (armour currently unavailable)
rPois    x         Spirit   .   (helmet currently unavailable)
rElec    .         Reflect  .   (cloak currently unavailable)
rCorr    +         Harm     .   (gloves currently unavailable)
MR       +++..     Clarity  +   (boots currently unavailable)
Stlth    +++.......             c - amulet of the Four Winds {rN+ MR+++ Clar} (curse)
HPRegen  0.22/turn              u - ring of resist corrosion
MPRegen  0.17/turn              o - ring of see invisible

@: lethally poisoned (-2 -> -10), spider-form, very slightly contaminated,
hasted, invisible, very quick
A: tiny, distributed training, strong nose
a: End Transformation, Curse Item, Scrying, Renounce Religion


You were on level 8 of the Dungeon.
You worshipped Ashenzari.
Ashenzari was aware of your devotion.
You were not hungry.
You were a venomous arachnid creature.
You visited 1 branch of the dungeon, and saw 9 of its levels.

You collected 334 gold pieces.
You spent 128 gold pieces at shops.

Inventory:

Hand Weapons
 a - a +1 dagger of venom (melded)
 b - a +1 vorpal hunting sling
 w - a +3 scimitar
 O - a +5 war axe
Missiles
 i - 36 bolts
 j - 203 arrows
 m - 217 stones
 n - 2 silver boomerangs
 t - 60 sling bullets
 E - 18 poisoned darts (quivered)
Armour
 v - a cursed +2 helmet (melded)
 C - a +0 leather armour (melded)
 J - the cursed +4 buckler of Agoraphobia (melded) {rN+ Regen+}
   (You found it on level 5 of the Dungeon)

   It protects you from negative energy.
   It increases your rate of regeneration.
   It has a curse placed upon it.
 L - a +0 pair of gloves (melded)
Jewellery
 c - the cursed amulet of the Four Winds (around neck) {rN+ MR+++ Clar}
   (You found it on level 4 of the Dungeon)

   [amulet of nothing]

   It protects you from negative energy.
   It affects your resistance to hostile enchantments.
   It protects you against confusion.
   It has a curse placed upon it.
 e - an uncursed ring of positive energy
 o - a ring of see invisible (right front leg)
 u - a ring of resist corrosion (left front leg)
 B - an uncursed ring of flight
Wands
 y - a wand of polymorph (10)
 G - a wand of random effects (10)
 P - a wand of acid (4)
Scrolls
 h - 2 scrolls of blinking
 k - 5 scrolls of teleportation
 p - 2 scrolls of enchant armour
 q - 2 scrolls of magic mapping
 r - a scroll of remove curse
 M - a scroll of immolation
Potions
 g - 2 potions of invisibility
 l - a potion of lignification {unknown}
 s - 2 potions of magic
 x - 2 potions of flight
 A - a potion of berserk rage {unknown}
 D - 2 potions of stabbing
 F - a potion of brilliance {unknown}
 H - 2 potions of degeneration {unknown}
 I - a potion of resistance {unknown}
Comestibles
 d - 15 rations
 K - 6 chunks of flesh


   Skills:
 + Level 6.2 Fighting
 + Level 5.5 Short Blades
 + Level 5.5 Long Blades
 + Level 5.5 Axes
 + Level 5.5 Maces & Flails
 + Level 5.5 Polearms
 + Level 5.5 Staves
 + Level 5.5 Slings
 + Level 5.5 Bows
 + Level 5.5 Crossbows
 + Level 5.5 Throwing
 + Level 5.5 Armour
 + Level 7.3 Dodging
 + Level 5.5 Stealth
 + Level 5.5 Shields
 + Level 8.7 Unarmed Combat
 + Level 7.6 Spellcasting
 + Level 4.6 Conjurations
 + Level 4.6 Hexes
 + Level 4.6 Charms
 + Level 4.6 Summonings
 + Level 4.6 Necromancy
 + Level 4.6 Translocations
 + Level 6.0 Transmutations
 + Level 4.6 Fire Magic
 + Level 4.6 Ice Magic
 + Level 4.6 Air Magic
 + Level 4.6 Earth Magic
 + Level 4.6 Poison Magic
 + Level 6.1 Invocations
 + Level 5.5 Evocations


You had 15 spell levels left.
You knew the following spells:

 Your Spells              Type           Power        Failure   Level  Hunger
a - Beastly Appendage     Tmut           ####..       4%          1    None
b - Sticks to Snakes      Tmut           ####....     6%          2    None
c - Spider Form           Tmut/Pois      ####......   11%         3    #......
d - Confusing Touch       Hex            ###.....     13%         3    #......

Your spell library contained the following spells:

 Spells                   Type           Power        Failure   Level  Hunger
 Shock                    Conj/Air       ###.         6%          1    None
 Swiftness                Chrm/Air       ###.....     9%          2    None
 Gell's Gravitas          Tloc           ###.......   13%         3    #......
 Static Discharge         Conj/Air       ###.....     13%         3    #......
 Ice Form                 Ice/Tmut       ####....     26%         4    ###....
 Petrify                  Tmut/Erth      ####....     26%         4    ###....
 Airstrike                Air            ###.......   32%         4    ###....
 Blade Hands              Tmut           ####......   43%         5    #####..
 Yara's Violent Unravell  Hex/Tmut       ####......   50%         5    #####..
 Lightning Bolt           Conj/Air       ###.......   58%         5    #####..
 Metabolic Englaciation   Hex/Ice        ###.......   58%         5    #####..


Dungeon Overview and Level Annotations

Branches:
Dungeon (9/15)             Temple (0/1) D:7            Lair (0/6) D:8
    Orc: D:9-12

Altars:
Ashenzari
Dithmenos
Elyvilon
Gozag
Kikubaaqudgha
Makhleb
Nemelex Xobeh
Ru
Wu Jian
Yredelemnul
Zin
The Shining One

Shops:
D:6 (   D:7 :


Innate Abilities, Weirdness & Mutations

Your experience applies equally to all skills.
((You have very sharp teeth.))
Your uncanny sense of smell can sniff out nearby items.


Message History

You fade into invisibility!
* * * LOW HITPOINT WARNING * * *
You feel sick. The killer bee completely misses you. The killer bee misses you.
The killer bee completely misses you. The killer bee misses you.
The killer bee completely misses you. The killer bee misses you.
The killer bee closely misses you. The killer bee completely misses you.
The killer bee misses you. The killer bee completely misses you.
You are very lightly contaminated with residual magic.
Okay, then.
* * * LOW HITPOINT WARNING * * *
You feel sick. The killer bee misses you. The killer bee completely misses you.
The killer bee closely misses you.
* * * LOW HITPOINT WARNING * * *
You feel sick. The killer bee completely misses you.
The killer bee misses you. x2
It was a potion of haste.
You feel yourself speed up.
* * * LOW HITPOINT WARNING * * *
You feel sick. The killer bee completely misses you.
The killer bee barely misses you. The killer bee completely misses you.
The killer bee misses you. x2; The killer bee stings you.
You die...

#.##.# #.[ ##..#.#
#.. #...#.# #####..
#.###.######......
#.#.......##.###..
#.#.#.###.##'#####
#.#.....#.........
##.#...#.#...>.....
#.sy..##.##........
#y.y###......รท.....
#..y# #............
#..y# #....########
#...# #....#####
#...# #........#
##### #....#.#.#
##.....#.# #######.#


You could see 5 killer bees.

Vanquished Creatures
  A two-headed ogre (D:9)
  Maurice (D:8)
  A centaur skeleton (D:9)
  8 yaks
  Menkaure (D:4)
  The ghost of Piu the Magician, an amateur OpWz of Sif Muna (D:5)
  A porcupine (D:8)
  An ogre (D:6)
  2 orc warriors
  A necrophage (D:8)
  3 phantoms
  2 centaurs
  4 bullfrogs
  2 scorpions
  12 killer bees (D:8)
  8 wights
  6 howler monkeys
  A crimson imp (D:7)
  2 centaur zombies
  2 jellies
  4 orc priests
  2 hounds
  A bullfrog skeleton (D:6)
  Jessica (D:3)
  An iguana (D:4)
  7 orc wizards
  Natasha (thrice) (D:3)
  6 worker ants
  2 worker ant zombies (D:5)
  Robin (D:3)
  11 adders
  3 gnolls (D:6)
  2 worms
  4 dart slugs
  4 leopard geckos
  23 orcs
  6 bats
  2 giant cockroaches
  17 goblins
  10 hobgoblins
  7 jackals (D:4)
  9 kobolds
  A quokka (D:8)
  11 frilled lizards
  A jackal zombie (D:7)
  A leopard gecko zombie (D:6)
  A quokka skeleton (D:6)
  7 rats
208 creatures vanquished.

Vanquished Creatures (others)
  4 fungi (D:8)
4 creatures vanquished.

Grand Total: 212 creatures vanquished

Notes
Turn   | Place    | Note
-------+----------+-------------------------------------------
     0 | D:1      | Kohma the Gnoll Transmuter began the quest for the Orb.
     0 | D:1      | Reached XP level 1. HP: 17/17 MP: 6/6
   151 | D:1      | Reached XP level 2. HP: 23/23 MP: 5/7
   517 | D:1      | Reached XP level 3. HP: 21/28 MP: 9/9
   527 | D:1      | Reached skill level 5 in Spellcasting
  1037 | D:2      | Reached skill level 1 in Invocations
  1323 | D:2      | Reached skill level 1 in Short Blades
  1323 | D:2      | Reached skill level 1 in Long Blades
  1323 | D:2      | Reached skill level 1 in Axes
  1323 | D:2      | Reached skill level 1 in Maces & Flails
  1323 | D:2      | Reached skill level 1 in Polearms
  1323 | D:2      | Reached skill level 1 in Staves
  1323 | D:2      | Reached skill level 1 in Slings
  1323 | D:2      | Reached skill level 1 in Bows
  1323 | D:2      | Reached skill level 1 in Crossbows
  1323 | D:2      | Reached skill level 1 in Throwing
  1323 | D:2      | Reached skill level 1 in Armour
  1323 | D:2      | Reached skill level 1 in Stealth
  1323 | D:2      | Reached skill level 1 in Shields
  1323 | D:2      | Reached skill level 1 in Evocations
  1344 | D:2      | Learned a level 2 spell: Sticks to Snakes
  1348 | D:2      | Learned a level 3 spell: Spider Form
  1381 | D:2      | Reached XP level 4. HP: 26/34 MP: 11/11
  1871 | D:3      | Noticed Robin
  2012 | D:3      | Killed Robin
  2012 | D:3      | Reached skill level 1 in Conjurations
  2012 | D:3      | Reached skill level 1 in Hexes
  2012 | D:3      | Reached skill level 1 in Charms
  2012 | D:3      | Reached skill level 1 in Summonings
  2012 | D:3      | Reached skill level 1 in Necromancy
  2012 | D:3      | Reached skill level 1 in Translocations
  2012 | D:3      | Reached skill level 1 in Fire Magic
  2012 | D:3      | Reached skill level 1 in Ice Magic
  2012 | D:3      | Reached skill level 1 in Air Magic
  2012 | D:3      | Reached skill level 1 in Earth Magic
  2012 | D:3      | Reached skill level 1 in Poison Magic
  2130 | D:3      | Reached XP level 5. HP: 34/40 MP: 12/12
  2201 | D:3      | Noticed Jessica
  2221 | D:3      | Killed Jessica
  2402 | D:3      | Noticed Natasha
  2408 | D:3      | Killed Natasha
  2438 | D:3      | Noticed Natasha
  2447 | D:3      | Killed Natasha
  2447 | D:3      | Reached XP level 6. HP: 47/47 MP: 10/13
  3114 | D:3      | Noticed Natasha
  3121 | D:3      | Killed Natasha
  3274 | D:4      | Noticed Menkaure
  3279 | D:4      | Reached skill level 5 in Dodging
  3289 | D:4      | Killed Menkaure
  3289 | D:4      | Reached XP level 7. HP: 10/52 MP: 13/15
  3746 | D:4      | Found the amulet of the Four Winds {rN+ MR+++ Clar}
  3811 | D:4      | Reached skill level 7 in Unarmed Combat
  4148 | D:5      | Entered Level 5 of the Dungeon
  4406 | D:5      | Found a runed translucent door.
  4412 | D:5      | Noticed Piu's ghost (amateur OpWz)
  4565 | D:5      | Found a shattered altar of Ashenzari.
  5060 | D:5      | Got a translucent buckler
  5071 | D:5      | Identified the +4 buckler of Agoraphobia {rN+ Regen+} (You
                  | found it on level 5 of the Dungeon)
  5148 | D:5      | Became a worshipper of Ashenzari the Shackled
  5295 | D:5      | Killed Piu's ghost
  5295 | D:5      | Reached XP level 8. HP: 14/60 MP: 12/16
  5605 | D:6      | Found a sparkling altar of Nemelex Xobeh.
  5635 | D:6      | Found a glowing silver altar of Zin.
  5834 | D:6      | Found Fijos's Weapon Boutique.
  5837 | D:6      | Bought a +1 vorpal hunting sling for 128 gold pieces
  6365 | D:7      | Found a staircase to the Ecumenical Temple.
  6383 | D:7      | Learned a level 3 spell: Confusing Touch
  6393 | D:7      | Reached * piety under Ashenzari
  6448 | D:7      | Found a sacrificial altar of Ru.
  6507 | D:7      | Reached XP level 9. HP: 43/66 MP: 1/18
  6629 | D:7      | Found Jiradoud's Book Boutique.
  6648 | D:7      | Reached skill level 5 in Transmutations
  6899 | D:7      | Found an ornate altar of the Wu Jian Council.
  6948 | D:7      | Found a white marble altar of Elyvilon.
  6950 | D:7      | Found an ancient bone altar of Kikubaaqudgha.
  6950 | D:7      | Found a glowing golden altar of the Shining One.
  6950 | D:7      | Found a burning altar of Makhleb.
  6952 | D:7      | Found a shadowy altar of Dithmenos.
  6954 | D:7      | Found an opulent altar of Gozag.
  7505 | D:8      | Noticed Maurice
  7528 | D:8      | Killed Maurice
  7528 | D:8      | Reached skill level 5 in Fighting
  7547 | D:8      | Reached skill level 8 in Unarmed Combat
  7666 | D:8      | Reached skill level 5 in Invocations
  7699 | D:8      | Found a staircase to the Lair.
  7809 | D:8      | Reached XP level 10. HP: 28/74 MP: 18/20
  8079 | D:8      | Reached skill level 5 in Short Blades
  8079 | D:8      | Reached skill level 5 in Long Blades
  8079 | D:8      | Reached skill level 5 in Axes
  8079 | D:8      | Reached skill level 5 in Maces & Flails
  8079 | D:8      | Reached skill level 5 in Polearms
  8079 | D:8      | Reached skill level 5 in Staves
  8079 | D:8      | Reached skill level 5 in Slings
  8079 | D:8      | Reached skill level 5 in Bows
  8079 | D:8      | Reached skill level 5 in Crossbows
  8079 | D:8      | Reached skill level 5 in Throwing
  8079 | D:8      | Reached skill level 5 in Armour
  8079 | D:8      | Reached skill level 5 in Stealth
  8079 | D:8      | Reached skill level 5 in Shields
  8079 | D:8      | Reached skill level 5 in Evocations
  8320 | D:9      | Found a basalt altar of Yredelemnul.
  8631 | D:9      | Noticed a two-headed ogre
  8670 | D:9      | Killed a two-headed ogre
  8675 | D:8      | HP: 3/76 [poisoned by a killer bee]
  8677 | D:8      | Slain by a killer bee

Levels and vault maps discovered:
D:1:      nzn_arrival_water_spiral, layout_loops_ring, minmay_indecisive_spiral
D:2:      layout_rooms
D:3:      layout_loops_cross, uniq_jessica, uniq_robin, uniq_natasha
D:4:      cheibrodos_old_hovel, layout_basic, uniq_menkaure
D:5:      layout_loops_ring, ebering_ghost_sewer_d, first_ration,
          evilmike_ruin_ashenzari
D:6:      layout_basic, serial_shops, kennysheep_mini_moat, basic_altar,
          nemelex_xobeh_ov_fountains_minmay
D:7:      layout_gridville, minitemple, old_standard_altar,
          nicolae_ru_awakened_eye, minmay_temple_entry_tees, serial_shops,
          nicolae_shop_trees, grunt_decor_fettered, st_stairs_7
D:8:      layout_basic, grunt_lair_entry_orc_guard_hut, uniq_maurice
D:9:      layout_small_grid, marbit_many_paths, david_nohive_1,
          hangedman_abyss_or_decor_slice, nicolae_wwwww

Skill      XL: |  1  2  3  4  5  6  7  8  9 10 |
---------------+-------------------------------+-----
Spellcasting   | 5 6 7 |  7.6
Invocations    | 1 2 3 4 5 6 |  6.1
Short Blades   | 1 2 3 4 5 |  5.5
Long Blades    | 1 2 3 4 5 |  5.5
Axes           | 1 2 3 4 5 |  5.5
Maces & Flails | 1 2 3 4 5 |  5.5
Polearms       | 1 2 3 4 5 |  5.5
Staves         | 1 2 3 4 5 |  5.5
Slings         | 1 2 3 4 5 |  5.5
Bows           | 1 2 3 4 5 |  5.5
Crossbows      | 1 2 3 4 5 |  5.5
Throwing       | 1 2 3 4 5 |  5.5
Armour         | 1 2 3 4 5 |  5.5
Stealth        | 1 2 3 4 5 |  5.5
Shields        | 1 2 3 4 5 |  5.5
Evocations     | 1 2 3 4 5 |  5.5
Conjurations   | 1 2 3 4 |  4.6
Hexes          | 1 2 3 4 |  4.6
Charms         | 1 2 3 4 |  4.6
Summonings     | 1 2 3 4 |  4.6
Necromancy     | 1 2 3 4 |  4.6
Translocations | 1 2 3 4 |  4.6
Fire Magic     | 1 2 3 4 |  4.6
Ice Magic      | 1 2 3 4 |  4.6
Air Magic      | 1 2 3 4 |  4.6
Earth Magic    | 1 2 3 4 |  4.6
Poison Magic   | 1 2 3 4 |  4.6
Fighting       | 3 4 5 6 |  6.2
Transmutations | 4 5 6 |  6.0
Dodging        | 5 6 7 |  7.3
Unarmed Combat | 7 8 |  8.7

Action                   |  1- 3 |  4- 6 |  7- 9 | 10-12 || total
-------------------------+-------+-------+-------+-------++-------
Melee: Unarmed           |    16 |    81 |   186 |    79 ||   362
       Bite              |     6 |     8 |    46 |    10 ||    70
       Kick              |     2 |     3 |       |       ||     5
       Punch             |     2 |       |       |       ||     2
       Dagger            |    83 |    76 |   336 |    60 ||   555
 Fire: Hunting sling     |       |       |     7 |       ||     7
Throw: Dart              |       |       |     3 |     6 ||     9
       Stone             |       |       |     1 |       ||     1
 Cast: Beastly Appendage |     5 |     1 |       |       ||     6
       Spider Form       |       |    11 |    22 |     5 ||    38
       Confusing Touch   |       |       |    13 |     1 ||    14
Invok: Curse Item        |       |       |     3 |       ||     3
Evoke: Wand              |       |       |       |     1 ||     1
  Use: Scroll            |       |     9 |     6 |       ||    15
       Potion            |       |     1 |     4 |     4 ||     9
 Stab: Sleeping          |     5 |     2 |     2 |     1 ||    10
       Confused          |       |       |    13 |     1 ||    14
  Eat: Chunk             |     1 |     6 |    11 |     3 ||    21
       Ration            |       |     1 |     1 |       ||     2
Armor: Robe              |    14 |    13 |    20 |       ||    47
       Skin              |       |     2 |     4 |       ||     6
       Leather armour    |       |       |    18 |     6 ||    24
Dodge: Dodged            |    62 |   144 |   321 |   161 ||   688
Block: Buckler           |     1 |    23 |    98 |    26 ||   148

Table legend:
 A = Non-vault XP
 B = Vault XP
 C = Vault XP percentage of total XP
 D = Non-vault monster count
 E = Vault monster count
 F = Vault count percentage of total count
                 A         B        C        D         E       F
            +---------+---------+-------+---------+---------+-------
      Total |    6990 |    1577 |  18.4 |     180 |      28 |  13.5
            +---------+---------+-------+---------+---------+-------
        D:1 |      37 |       8 |  17.8 |      24 |       4 |  14.3
        D:2 |      66 |      15 |  18.5 |      22 |       8 |  26.7
        D:3 |     197 |      91 |  31.6 |      20 |       5 |  20.0
        D:4 |     239 |     169 |  41.4 |      19 |       1 |   5.0
        D:5 |     188 |     232 |  55.2 |      12 |       3 |  20.0
        D:6 |     739 |       0 |   0.0 |      20 |       0 |   0.0
        D:7 |     703 |      50 |   6.6 |      17 |       1 |   5.6
        D:8 |    2304 |     900 |  28.1 |      33 |       5 |  13.2
        D:9 |    2517 |     112 |   4.3 |      13 |       1 |   7.1
            +---------+---------+-------+---------+---------+-------
